AoeStats
← Jari Emil Sillanpää

Lombardia

507554746Analyzed
3v3 RM · 14d ago on Sep 18, 2026· 26m 42s· 6 players
Game mode
Random Map
Map size
Normal (6 player)
Population
200
Speed
Normal
Resources
Standard
Victory
Conquest
Starting age
Dark Age
Ending age
Imperial Age
RankedLock teamsTeams togetherTeam positionsShared explorationLock speedFull tech treeHidden civsTurbo modeCheats
Victory
Defeat
🇫🇮 Britons · Finland
1549
+13
1536
+11
🇫🇮 Huns · Finland
1515
+11
1447
-12
🇹🇷 Poles · Türkiye
1404
-10
🇨🇿 Magyars · Czechia
1396
-10
BoBa
7:40 Loom
10:06 Feudal Age
10:59 Horse Collar
11:06 Double-Bit Axe
14:36 Wheelbarrow
16:24 Scale Barding Armor
18:07 Forging
20:28 Gold Mining
20:29 Stone Mining
23:47 Castle Age
23:11 Bloodlines
24:08 Light Cavalry
24:50 Husbandry
25:11 Chain Barding Armor
25:19 Bow Saw
25:11 Heavy Plow
26:53 Szlachta Privileges
klines
0:38 Loom
10:44 Feudal Age
20:02 Bloodlines
24:08 Scale Barding Armor
23:59 Horse Collar
27:53 Castle Age
26:34 Gold Mining
26:32 Double-Bit Axe
too old for this new shit
6:26 Loom
9:01 Feudal Age
9:29 Double-Bit Axe
9:24 Horse Collar
9:40 Horse Collar
15:45 Forging
18:01 Wheelbarrow
18:23 Bloodlines
21:37 Castle Age
20:22 Scale Barding Armor
22:42 Chain Barding Armor
21:49 Light Cavalry
23:09 Husbandry
25:49 Bow Saw
Jari Emil Sillanpää
9:00 Feudal Age
9:54 Loom
10:39 Double-Bit Axe
17:27 Fletching
17:51 Forging
19:03 Scale Barding Armor
19:44 Horse Collar
20:34 Bloodlines
25:13 Castle Age
25:10 Gold Mining
25:18 Light Cavalry
25:58 Husbandry
26:25 Bow Saw
26:19 Heavy Plow
Tauno Palo
6:40 Loom
10:57 Feudal Age
11:54 Double-Bit Axe
14:44 Castle Age
12:29 Horse Collar
15:54 Bow Saw
16:19 Bow Saw
20:54 Wheelbarrow
23:58 Hand Cart
28:06 Imperial Age
25:24 Loom
26:02 Stone Mining
26:05 Gold Mining
Dasran
9:21 Loom
11:27 Feudal Age
12:55 Double-Bit Axe
15:24 Castle Age
16:25 Bow Saw
17:40 Fletching
17:51 Padded Archer Armor
18:33 Horse Collar
19:45 Gold Mining
24:37 Bodkin Arrow
24:58 Leather Archer Armor
25:50 Town Watch
Connection lost

Rejoining the realm…

Still unreachable

The connection could not be restored.

Session expired

The server has moved on; the page needs a fresh start.